 Dungeon Crawl Stone Soup version 0.25-a0-857-g60a0bcd (webtiles) character file.

Game seed: 11347673110067475811, levelgen mode: deterministic

263 smeego the Ruffian (level 5, -1/53 HPs)
             Began as a Troll Monk on Apr 27, 2020.
             Slain by a worker ant (7 damage)
             ... on level 5 of the Dungeon.
             The game lasted 00:01:43 (916 turns).

smeego the Ruffian (Troll Monk)                      Turns: 916, Time: 00:01:44

Health: -1/53      AC:  6    Str: 19    XL:     5   Next: 98%
Magic:  6/6        EV: 11    Int:  7    God:
Gold:   110        SH:  0    Dex: 12    Spells: 6/6 levels left

rFire    . . .     SeeInvis .     - Unarmed
rCold    . . .     Gourm    +   (no shield)
rNeg     . . .     Faith    .   a - +0 robe
rPois    .         Spirit   .   (helmet restricted)
rElec    .         Reflect  .   (no cloak)
rCorr    .         Harm     .   (gloves unavailable)
MR       .....                  (boots unavailable)
Stlth    ++........             (no amulet)
HPRegen  0.57/turn              (no ring)
MPRegen  0.10/turn              (no ring)

@: lethally poisoned (-1 -> -2), flying
A: large, unfitting armour, claws 3, fast metabolism 3, gourmand, regeneration
1, shaggy fur 1, tough skin 3
a: no special abilities


You were on level 5 of the Dungeon.
You were full.

You visited 1 branch of the dungeon, and saw 5 of its levels.

You collected 110 gold pieces.

Inventory:

Armour
 a - a +0 robe (worn)
Jewellery
 l - an uncursed amulet of harm {unknown}
Wands
 j - a wand of disintegration (12)
Scrolls
 c - a scroll of fog {unknown}
 d - 3 scrolls of identify {unknown}
 e - a scroll of random uselessness {unknown}
 f - a scroll of enchant armour {unknown}
 g - 3 scrolls of teleportation {unknown}
 h - 3 scrolls of remove curse {unknown}
 i - a scroll of amnesia {unknown}
 k - 2 scrolls of noise {unknown}
Potions
 n - a potion of berserk rage {unknown}
Comestibles
 b - 3 rations


   Skills:
 + Level 3.2 Fighting
 + Level 3.2 Dodging
 + Level 1.9 Stealth
 + Level 4.0 Unarmed Combat
 + Level 1.3 Spellcasting


You had 6 spell levels left.
You didn't know any spells.
Your spell library was empty.

Dungeon Overview and Level Annotations

Branches:
Dungeon (5/15)
 Temple: D:4-7

Altars:
Ashenzari
Dithmenos
Elyvilon

Annotations:
D:5 2 transporters, Shadow3542's ghost, amateur HOFi


Innate Abilities, Weirdness & Mutations

You are too large for most types of armour.
You have claws for hands.
Your metabolism is lightning-fast.
You like to eat raw meat.
Your natural rate of healing is unusually fast.
You are covered in fur. (AC +1)
You have extremely tough skin. (AC +3)


Message History

You scratch the gnoll but do no damage. The gnoll barely misses you.
You claw the worker ant!
The worker ant is severely wounded.
The gnoll hits you with a +0 spear!
The worker ant bites you but does no damage.
You scratch the worker ant.
The worker ant is almost dead.
The gnoll barely misses you. The gnoll hits you with a +0 spear!
* * * LOW HITPOINT WARNING * * *
The worker ant bites you!
* * * LOW HITPOINT WARNING * * *
You are poisoned.
The worker ant poisons you!
You feel sick. The gnoll hits you but does no damage. The gnoll misses you.
You feel sick.
It was a potion of flight.
You feel very buoyant.
You fly up into the air.
The worker ant bites you!
You die...

##.............
.........a.....
#.#
...............
##.##
.......).......
....+ #.....##.#
##.## #####..#.#
#.# .?..##gg.#
##.# # #....##a.#
##.#.# #..(#@.#
##.#.# # #..##..#
##.#.##.#...#
#©..# .#....#5#..
##.## .#...©#55.©
#.#
.#.#..#55#...#.#.#
...#.##..$..#.##.#
#..#.#..#.#...#..#
#..#.#..#.#...#.##


You could see a worker ant and 2 gnolls.

Vanquished Creatures
  A howler monkey (D:5)
  A bullfrog skeleton (D:5)
  An orc priest (D:3)
  A hound (D:5)
  A jelly (D:5)
  An iguana (D:5)
  A worker ant (D:2)
  A gnoll (D:5)
  2 adders
  An ooze (D:1)
  A dart slug (D:4)
  A leopard gecko (D:2)
  3 orcs (D:3)
  A ball python (D:1)
  3 bats (D:1)
  A kobold (D:1)
  A quokka (D:4)
  A ball python skeleton (D:4)
  4 frilled lizards
  A goblin (D:2)
  3 rats
31 creatures vanquished.

Notes
Turn   | Place    | Note
-------+----------+-------------------------------------------
     0 | D:1      | smeego the Troll Monk began the quest for the Orb.
     0 | D:1      | Reached XP level 1. HP: 22/22 MP: 0/0
     2 | D:1      | Noticed a minotaur
     4 | D:1      | Noticed a centaur
     4 | D:1      | Noticed a demigod
     6 | D:1      | Noticed a gargoyle
     6 | D:1      | Noticed a merfolk
     8 | D:1      | Noticed an octopode
     8 | D:1      | Noticed an ogre
    10 | D:1      | Noticed a ghoul
    10 | D:1      | Noticed a dwarf
    12 | D:1      | Noticed a tengu
    12 | D:1      | Noticed a formicid
    14 | D:1      | Noticed a demonspawn
    14 | D:1      | Noticed a naga
    16 | D:1      | Noticed a human
    16 | D:1      | Noticed an elf
    18 | D:1      | Noticed a vine stalker
    20 | D:1      | Noticed a vampire
    20 | D:1      | Noticed a felid
    22 | D:1      | Noticed a halfling
    24 | D:1      | Noticed a spriggan
    26 | D:1      | Noticed a draconian
    26 | D:1      | Noticed a troll
    93 | D:1      | Reached XP level 2. HP: 24/29 MP: 1/1
   178 | D:2      | Reached XP level 3. HP: 36/36 MP: 2/2
   271 | D:3      | Reached XP level 4. HP: 37/44 MP: 2/4
   572 | D:4      | Found a shadowy altar of Dithmenos.
   716 | D:4      | Found a shattered altar of Ashenzari.
   723 | D:5      | Entered Level 5 of the Dungeon
   753 | D:5      | Reached skill level 1 in Spellcasting
   771 | D:5      | Reached XP level 5. HP: 52/53 MP: 5/5
   795 | D:5      | Found a white marble altar of Elyvilon.
   825 | D:5      | Found a transporter.
   825 | D:5      | Noticed Shadow3542's ghost (amateur HOFi)
   879 | D:5      | Found a transporter.
   901 | D:5      | Reached skill level 4 in Unarmed Combat
   916 | D:5      | Slain by a worker ant

Levels and vault maps discovered:
D:1:      kb_arrival_jail, layout_loops_ring
D:2:      layout_basic, first_ration, fedhas_ov_isle_minmay
D:3:      layout_basic, led_sif_pool, minmay_bisected, uniq_crazy_yiuf_cottage
D:4:      layout_rooms, nicolae_dithmenos_shadow_blocks, lemuel_crystal_altar
D:5:      layout_basic, kennysheep_little_box,
          nicolae_ru_great_annihilating_truth, gammafunk_ghost_stat_death

Skill      XL: |  1  2  3  4  5 |
---------------+----------------+-----
Fighting       | 3 |  3.2
Dodging        | 3 |  3.2
Spellcasting   | 1 |  1.3
Unarmed Combat | 4 |  4.0
Stealth        | |  1.9

Action                   |  1- 3 |  4- 6 || total
-------------------------+-------+-------++-------
Melee: Unarmed           |    47 |    51 ||    98
       Punch             |     1 |     1 ||     2
  Use: Potion            |       |     1 ||     1
 Stab: Sleeping          |     1 |       ||     1
  Eat: Chunk             |       |    10 ||    10
Armor: Robe              |    31 |    16 ||    47
Dodge: Dodged            |    30 |    23 ||    53

Table legend:
 A = Non-vault XP
 B = Vault XP
 C = Vault XP percentage of total XP
 D = Non-vault monster count
 E = Vault monster count
 F = Vault count percentage of total count
                 A         B        C        D         E       F
            +---------+---------+-------+---------+---------+-------
      Total |     377 |       0 |   0.0 |      31 |       0 |   0.0
            +---------+---------+-------+---------+---------+-------
        D:1 |      18 |       0 |   0.0 |       8 |       0 |   0.0
        D:2 |      51 |       0 |   0.0 |       5 |       0 |   0.0
        D:3 |      53 |       0 |   0.0 |       5 |       0 |   0.0
        D:4 |      22 |       0 |   0.0 |       6 |       0 |   0.0
        D:5 |     233 |       0 |   0.0 |       7 |       0 |   0.0
            +---------+---------+-------+---------+---------+-------
